 Dungeon Crawl Stone Soup version 0.21.0-24-g2553a3340b (webtiles) character file.

3948 Krosko the Basher (level 10, -5/106 HPs)
             Began as a Troll Berserker on Jan 21, 2018.
             Was a Priest of Trog.
             Slain by a yak (11 damage)
             ... on level 9 of the Dungeon.
             The game lasted 00:24:23 (7514 turns).

Krosko the Basher (Troll Berserker)                 Turns: 7514, Time: 00:24:26

Health: -5/106     AC:  5    Str: 32    XL:     10   Next: 2%
Magic:  9/9        EV: 15    Int:  3    God:    Trog [***...]
Gold:   411        SH:  0    Dex:  9    Spells: 9/9 levels left

rFire    . . .     SeeInvis .   a - +1 mace
rCold    . . .     Gourm    +   (no shield)
rNeg     . . .     Faith    .   b - +0 animal skin
rPois    .         Spirit   .   (helmet restricted)
rElec    .         Reflect  .   (no cloak)
rCorr    .         Harm     .   (gloves unavailable)
MR       ++...                  (boots unavailable)
Stlth    +.........             (no amulet)
HPRegen  1.67/turn              i - +5 ring of evasion
MPRegen  0.11/turn              u - +2 ring of strength

@: about to teleport, regenerating
A: large, unfitting armour, claws 3, fast metabolism 3, gourmand, regeneration
1, shaggy fur 1, tough skin 2
a: Berserk, Trog's Hand, Burn Spellbooks, Renounce Religion


You were on level 9 of the Dungeon.
You worshipped Trog.
Trog was most pleased with you.
You were very full.

You visited 1 branch of the dungeon, and saw 9 of its levels.

You collected 501 gold pieces.
You spent 90 gold pieces at shops.

Inventory:

Hand Weapons
 a - a +1 mace (weapon)
Armour
 b - a +0 animal skin (worn)
Jewellery
 i - a +5 ring of evasion (left claw)
 u - a +2 ring of strength (right claw)
Wands
 n - a wand of disintegration (13)
 t - a wand of acid (5)
Scrolls
 d - 3 scrolls of teleportation
 f - 3 scrolls of identify
 g - 3 scrolls of enchant weapon
 h - 4 scrolls of fog
 j - a scroll of immolation {unknown}
 k - 10 scrolls of remove curse
 p - a scroll of fear {unknown}
 r - a scroll of brand weapon {unknown}
 s - 2 scrolls of enchant armour {unknown}
 w - a scroll of magic mapping {unknown}
 x - 2 scrolls of random uselessness {unknown}
 y - a scroll of amnesia {unknown}
 B - a scroll of blinking {unknown}
Potions
 e - 3 potions of might {unknown}
 l - a potion of heal wounds {unknown}
 m - a potion of lignification {unknown}
 o - a potion of haste
 q - 2 potions of resistance
 v - 3 potions of curing
 z - a potion of magic {unknown}
 A - a potion of ambrosia {unknown}
 C - a potion of brilliance {unknown}
Comestibles
 c - 15 rations
 D - 2 chunks of flesh


   Skills:
 + Level 8.9 Fighting
 + Level 9.7 Maces & Flails
 - Level 2.8 Dodging


You had 9 spell levels left.
You didn't know any spells.

Dungeon Overview and Level Annotations

Branches:
Dungeon (9/15)             Temple (0/1) D:6
   Lair: D:8-11         Orc: D:9-12

Altars:
Elyvilon
Hepliaklqana
Kikubaaqudgha
Qazlal
Xom
Zin

Shops:
D:5 [


Innate Abilities, Weirdness & Mutations

You are too large for most types of armour.
You have claws for hands.
Your metabolism is lightning-fast.
You like to eat raw meat.
Your natural rate of healing is unusually fast.
You are covered in fur. (AC +1)
You have very tough skin. (AC +2)


Message History

The yak gores you!
* * * LOW HITPOINT WARNING * * *
The yak gores the plant.
Okay, then.
Okay, then.
As you read the scroll of teleportation, it crumbles to dust.
You feel strangely unstable. The yak barely misses you.
The yak gores the plant!
Your skin crawls.
You feel resistant to hostile enchantments.
You feel somewhat less full. The yak gores you but does no damage.
The yak barely misses you. x2
You thump the yak!
The yak is heavily wounded.
The yak gores you!
* * * LOW HITPOINT WARNING * * *
The yak gores you!
* * * LOW HITPOINT WARNING * * *
The yak gores you!
You die...

.....# .....#
.....# .....#
.....# .....#####
#####
.....#.#.#++#.#.##
.............%%YY#
..............PY@#
.......P.......YY#
.................#
..........########
..........##
.......)...#
..........##
..........>#
...........#


You could see 5 yaks.

Vanquished Creatures
  A yak (D:6)
  A wraith (D:9)
  A phantom (D:7)
  2 orc warriors
  A sky beast (D:7)
  An ice beast (D:5)
  7 ogres
  A centaur (D:5)
  2 bullfrogs
  A scorpion (D:5)
  A howler monkey (D:7)
  2 crimson imps
  2 bullfrog zombies
  A bullfrog skeleton (D:5)
  3 hounds
  3 jellies
  4 orc priests
  7 orc wizards
  2 centaur skeletons
  Ijyb (D:4)
  2 iguanas
  2 hound skeletons
  A worker ant zombie (D:5)
  6 adders
  A river rat (D:6)
  2 shadow imps (D:5)
  An ooze (D:5)
  4 adder skeletons
  An adder zombie (D:5)
  3 worms
  6 dart slugs
  13 leopard geckos
  35 orcs
  4 ball pythons
  8 giant cockroaches
  8 hobgoblins
  6 kobolds
  2 quokkas
  5 bats
  5 frilled lizards
  9 goblins
  A quokka skeleton (D:5)
  7 rats
176 creatures vanquished.

Vanquished Creatures (collateral kills)
  A two-headed ogre (D:9)
  4 kobold demonologists (D:9)
  A crimson imp (D:9)
  An adder (D:9)
  3 kobolds (D:9)
10 creatures vanquished.

Vanquished Creatures (others)
  An ogre (D:5)
  A centaur (D:5)
  An adder (D:5)
  5 orcs (D:5)
8 creatures vanquished.

Grand Total: 194 creatures vanquished

Notes
Turn   | Place    | Note
-------+----------+-------------------------------------------
     0 | D:1      | Krosko the Troll Berserker began the quest for the Orb.
     0 | D:1      | Reached XP level 1. HP: 22/22 MP: 0/0
   145 | D:1      | Reached XP level 2. HP: 29/29 MP: 1/1
   196 | D:1      | Reached skill level 3 in Maces & Flails
   616 | D:1      | Reached XP level 3. HP: 26/36 MP: 2/2
   949 | D:2      | Reached ** piety under Trog
  1370 | D:2      | Reached XP level 4. HP: 39/45 MP: 3/3
  1922 | D:3      | Found a shimmering altar of Xom.
  1923 | D:3      | Found a hazy altar of Hepliaklqana.
  1923 | D:3      | Noticed a hungry ghost
  1924 | D:3      | Noticed a spectral ugly thing
  1924 | D:3      | Noticed a hungry ghost
  2161 | D:3      | Reached skill level 4 in Maces & Flails
  2161 | D:3      | Reached XP level 5. HP: 52/53 MP: 4/4
  2256 | D:3      | Reached *** piety under Trog
  2758 | D:4      | Found a white marble altar of Elyvilon.
  2823 | D:4      | Noticed an ogre
  2830 | D:4      | Killed an ogre
  2858 | D:4      | Reached XP level 6. HP: 54/62 MP: 5/5
  2897 | D:4      | Noticed Ijyb
  2909 | D:4      | Killed Ijyb
  3362 | D:4      | Reached skill level 5 in Maces & Flails
  3617 | D:5      | Entered Level 5 of the Dungeon
  3686 | D:5      | Reached XP level 7. HP: 47/71 MP: 6/6
  3747 | D:5      | Reached skill level 5 in Fighting
  3764 | D:5      | Found Kudedeplis's Armour Shop.
  4269 | D:5      | HP: 2/72 [ogre/giant club (3)]
  4270 | D:5      | Reached skill level 6 in Maces & Flails
  4660 | D:6      | Reached XP level 8. HP: 62/83 MP: 7/7
  4672 | D:6      | Found a stormy altar of Qazlal.
  4956 | D:6      | Found a glowing drain.
  5028 | D:6      | Reached **** piety under Trog
  5028 | D:6      | Reached skill level 7 in Maces & Flails
  5836 | D:6      | Found a staircase to the Ecumenical Temple.
  6137 | D:7      | Found an ancient bone altar of Kikubaaqudgha.
  6397 | D:7      | Reached skill level 8 in Maces & Flails
  6624 | D:7      | Reached XP level 9. HP: 63/93 MP: 8/8
  6647 | D:7      | Found Zin's Purification Station.
  6649 | D:7      | Found a glowing silver altar of Zin.
  6652 | D:7      | Bought a potion of curing for 90 gold pieces
  7275 | D:9      | Noticed a kobold demonologist
  7276 | D:9      | Noticed a kobold demonologist
  7276 | D:9      | Noticed a kobold demonologist
  7277 | D:9      | Noticed a kobold demonologist
  7282 | D:9      | Noticed a soul eater
  7316 | D:9      | Killed a kobold demonologist
  7317 | D:9      | Noticed a red devil
  7319 | D:9      | Killed a kobold demonologist
  7319 | D:9      | Reached skill level 9 in Maces & Flails
  7320 | D:9      | Killed a kobold demonologist
  7329 | D:9      | Killed a kobold demonologist
  7436 | D:9      | Noticed a two-headed ogre
  7448 | D:9      | Killed a two-headed ogre
  7448 | D:9      | Reached XP level 10. HP: 47/106 MP: 9/9
  7514 | D:9      | Slain by a yak

Skill      XL: |  1  2  3  4  5  6  7  8  9 |
---------------+----------------------------+-----
Maces & Flails | 3 4 5 6 8 9 |  9.7
Fighting       | 3 4 5 7 8 |  8.9
Dodging        | |  2.8

Action                   |  1- 3 |  4- 6 |  7- 9 | 10-12 || total
-------------------------+-------+-------+-------+-------++-------
Melee: Mace              |   132 |   229 |   438 |     7 ||   806
Invok: Berserk           |       |     3 |     8 |       ||    11
       Burn Spellbooks   |       |     1 |       |       ||     1
       Trog's Hand       |       |       |     7 |     3 ||    10
       Brothers in Arms  |       |       |     2 |       ||     2
  Use: Scroll            |       |     3 |     4 |     1 ||     8
       Potion            |       |       |     1 |       ||     1
 Stab: Sleeping          |     1 |     1 |     1 |       ||     3
       Distracted        |       |     1 |       |       ||     1
  Eat: Chunk             |    17 |    13 |    48 |     2 ||    80
       Ration            |       |     2 |     1 |       ||     3
Armor: Animal skin       |    58 |    79 |   122 |     1 ||   260
Dodge: Dodged            |    78 |   122 |   281 |    15 ||   496
